Map: Dusty Gorge

Players

Amis

  • Race: Terran Terran
  • League: Master
  • Spawn Location: 3:00

IIIIIIIIIIII

  • Race: Zerg Zerg
  • Spawn Location: 5:00

GoodLuckHave - Winner!

  • Race: Protoss Protoss
  • Spawn Location: 11:00

PureLegacy - Winner!

  • Race: Terran Terran
  • Spawn Location: 9:00

VOD

Have the link to the VOD?

Description

Time

  • Played on: Nov. 22, 2018, 3:57 p.m.
  • Length: 11:23
Show
View Real Time Build Order
Export as new Build Order

Amis Terran 

Build Orders:  

Get SALT Encoding   

  12  0:00  SCV  
  13  0:13  SCV  
  14  0:18  Supply Depot  
  14  0:25  SCV  
  15  0:33  Refinery  
  15  0:40  SCV  
  16  0:45  Barracks  
  16  0:53  SCV  
  17  1:05  SCV  
  18  1:16  Barracks  
  18  1:20  SCV  
  19  1:35  Reaper, Orbital Command  
  20  1:54  Supply Depot  
  20  2:01  SCV  
  20  2:05  Reaper  
  20  2:07  Reaper  
  23  2:16  SCV  
  24  2:28  SCV  
  25  2:37  Reaper  
  25  2:38  Command Center  
  25  2:40  SCV  
  25  2:41  Barracks Tech Lab  
  27  2:49  Supply Depot  
  27  2:52  SCV  
  27  2:57  Refinery  
  28  3:00  Engineering Bay  
  28  3:04  SCV  
  29  3:16  SCV  
  29  3:17  Marine, Barracks Reactor  
  29  3:19  Stimpack  
  31  3:28  SCV  
  31  3:30  Missile Turret  
  32  3:34  Supply Depot  
  32  3:40  SCV  
  33  3:44  Marine  
  34  3:51  Orbital Command  
  34  3:53  SCV  
  35  4:05  Marine, SCV  
  35  4:06  Marine x2  
  39  4:11  Factory  
  39  4:17  SCV x2  
  39  4:35  Marine x3  
  40  4:40  SCV x2  
  42  4:55  Factory Reactor, SCV x2  
  42  4:56  Starport  
  42  4:59  Marine x2, Marauder  
  48  5:00  Terran Infantry Weapons Level 1  
  48  5:07  SCV x2  
  50  5:14  Supply Depot  
  50  5:19  Marine x2, SCV x2  
  50  5:20  Marauder  
  56  5:27  Command Center  
  56  5:28  Barracks  
  56  5:38  Factory Tech Lab, Marine x2  
  56  5:39  Medivac x2  
  56  5:42  Marauder  
  64  5:49  Bunker  
  64  5:54  SCV x2  
  66  6:02  Supply Depot  
  66  6:04  Siege Tank  
  69  6:06  Refinery x2, Supply Depot  
  69  6:09  Supply Depot  
  68  6:23  Marine x2  
  70  6:25  Supply Depot  
  70  6:28  Marauder  
  71  6:33  Medivac x2  
  71  6:34  Barracks Tech Lab  
  70  6:43  Marine  
  70  6:44  Marine  
  58  6:52  Marine  
  58  6:53  Siege Tank  
  54  6:58  Marine  
  54  7:00  SCV x2  
  53  7:01  Marine  
  53  7:04  Marine  
  52  7:12  SCV x2  
  41  7:16  Marauder  
  37  7:30  SCV x2  
  39  7:38  Marauder  
  39  7:43  Barracks Reactor  
  41  7:47  Supply Depot  
  41  7:50  Supply Depot  
  41  7:55  Marine x2, SCV x2  
  45  8:07  SCV x2  
  47  8:17  Terran Infantry Armor Level 1  
  47  8:19  SCV x2  
  49  8:21  Command Center  
  49  8:23  Siege Tank  
  49  8:24  Marauder  
  49  8:25  Marine x4  
  58  8:31  SCV  
  58  8:32  SCV  
  60  8:43  Marine x4  
  60  8:44  Medivac  
  60  8:45  Medivac, Marine  
  69  8:53  SCV  
  69  8:54  SCV  
  68  8:59  Barracks  
  68  9:00  Barracks, Marine  
  68  9:01  Marine  
  70  9:12  Marine  
  70  9:13  Marine, Siege Tank  
  75  9:37  Orbital Command  
  75  9:42  Marine x3  
  75  9:43  Medivac  
  79  9:59  Marine  
  79  10:01  SCV x2  
  79  10:03  Barracks Tech Lab  
  79  10:04  Liberator x2  
  82  10:17  Marine x2  
  82  10:18  Siege Tank  
  87  10:24  Marauder  
  87  10:25  SCV  
  96  10:37  Marine x2  
  96  10:38  Marine x2  
  96  10:39  Marauder  
  100  10:50  SCV x3  
  100  10:55  Marine x4  
Show
View Real Time Build Order
Export as new Build Order

IIIIIIIIIIII Zerg 

Build Orders: Hatch First 

Get SALT Encoding   

  12  0:03  Drone  
  13  0:10  Drone  
  14  0:18  Overlord  
  14  0:37  Drone x3  
  17  0:55  Hatchery  
  16  1:00  Drone  
  17  1:05  Drone  
  17  1:09  Extractor  
  17  1:13  Drone  
  18  1:21  Spawning Pool  
  18  1:24  Drone  
  18  1:33  Drone  
  19  1:42  Overlord  
  19  2:00  Drone  
  20  2:07  Queen  
  22  2:08  Zergling x4  
  22  2:09  Metabolic Boost  
  22  2:11  Queen  
  26  2:15  Zergling x2  
  26  2:22  Evolution Chamber  
  26  2:25  Zergling x2  
  27  2:35  Drone  
  27  2:37  Baneling Nest  
  27  2:41  Zergling x4  
  30  2:51  Zerg Melee Weapons Level 1  
  30  2:54  Zergling x6  
  33  3:08  Overlord  
  33  3:17  Baneling Nest  
  32  3:29  Zergling x12  
  38  3:36  Zergling x4  
  39  3:47  Queen  
  41  4:00  Baneling x3  
  41  4:01  Baneling x2  
  41  4:06  Zergling x4  
  41  4:07  Overlord  
  43  4:14  Overlord  
  32  4:39  Drone  
  32  4:40  Drone x4  
  32  4:44  Drone x3  
  35  4:52  Drone, Spine Crawler  
  35  4:58  Drone  
  36  5:02  Drone  
  37  5:09  Drone x3  
  40  5:27  Drone  
  41  5:32  Lair, Hatchery  
  38  5:39  Zergling x8  
  42  5:50  Zergling x2  
  42  5:51  Zergling x2  
  42  5:54  Overlord x2  
  44  6:03  Overlord x2  
  44  6:06  Spine Crawler  
  43  6:15  Zergling x12  
  49  6:29  Zergling x8  
  47  6:40  Zergling x6  
  49  6:49  Zergling x10  
  48  6:57  Queen  
  48  6:59  Extractor  
  48  7:00  Extractor  
  42  7:12  Zergling x6  
  42  7:13  Zergling x4  
  44  7:21  Zergling x8  
  43  7:30  Zergling x8  
  43  7:36  Drone  
  43  7:37  Drone x5  
  44  7:42  Drone  
  48  7:47  Drone x2  
  50  7:53  Drone  
  50  7:57  Drone  
  54  8:02  Drone x2  
  54  8:08  Drone  
  54  8:09  Hydralisk Den  
  54  8:13  Zerg Missile Weapons Level 1  
  54  8:14  Drone x2  
  54  8:15  Drone x2, Extractor  
  54  8:18  Drone x3  
  60  8:24  Drone x3  
  55  8:33  Zergling x2  
  55  8:34  Zergling x4  
  53  8:38  Hydralisk  
  51  8:52  Hydralisk x4  
  56  9:11  Zergling x10  
  56  9:16  Zergling x8  
  65  9:20  Zergling x2  
  64  9:26  Zergling x2  
  64  9:27  Zergling x2  
  62  9:35  Muscular Augments  
  62  9:45  Hydralisk x2  
  62  9:46  Hydralisk  
  68  9:56  Spire  
  68  9:57  Hatchery  
  66  10:00  Drone x2  
  66  10:02  Overlord  
  68  10:13  Overlord x2  
  68  10:20  Queen  
  70  10:26  Overlord  
  70  10:27  Overlord  
  70  10:31  Zergling x4  
  70  10:32  Zergling x2  
  73  10:39  Hydralisk  
  75  10:44  Hydralisk  
  72  10:52  Overseer  
  72  10:54  Hydralisk x4  
  80  11:02  Zergling x4  
Show
View Real Time Build Order
Export as new Build Order

GoodLuckHave Protoss - Winner!

Build Orders: 1 Gate Expand, Double Forge 

Get SALT Encoding   

  12  0:01  Probe  
  13  0:13  Probe  
  14  0:18  Pylon  
  14  0:25  Probe  
  15  0:33  Probe  
  15  0:41  Probe  
  15  0:42  Gateway  
  17  0:50  Assimilator  
  17  0:55  Probe  
  18  1:07  Probe  
  19  1:19  Probe  
  20  1:28  Nexus  
  20  1:43  Probe, Cybernetics Core  
  21  1:50  Assimilator  
  21  1:55  Probe  
  21  2:00  Pylon  
  22  2:08  Probe  
  22  2:09  Stalker  
  22  2:12  Warp Gate  
  25  2:23  Pylon  
  25  2:25  Probe  
  26  2:30  Stalker  
  26  2:38  Probe  
  26  2:40  Probe  
  30  2:50  Probe  
  30  2:51  Stalker  
  31  2:52  Probe  
  34  3:08  Gateway  
  34  3:14  Stalker, Probe  
  34  3:19  Probe  
  36  3:26  Probe  
  39  3:30  Gateway  
  39  3:31  Gateway, Probe  
  40  3:38  Probe  
  41  3:43  Probe  
  41  3:45  Shield Battery  
  42  3:49  Pylon  
  42  3:50  Probe  
  42  3:55  Probe  
  46  3:59  Pylon  
  46  4:02  Pylon  
  44  4:10  Probe x2  
  44  4:11  Robotics Facility  
  46  4:17  Sentry  
  46  4:21  Pylon  
  46  4:22  Probe  
  49  4:26  Stalker x2  
  53  4:37  Probe  
  53  4:43  Probe  
  55  4:45  Forge  
  55  4:47  Forge  
  55  4:48  Probe, Pylon, Sentry  
  55  4:49  Sentry x2  
  62  4:55  Immortal, Probe  
  62  4:58  Assimilator  
  63  5:06  Probe  
  68  5:11  Protoss Ground Armor Level 1  
  68  5:12  Pylon  
  68  5:13  Assimilator  
  68  5:15  Sentry  
  70  5:21  Probe  
  70  5:24  Probe  
  70  5:27  Zealot  
  74  5:31  Stalker  
  76  5:37  Observer  
  76  5:39  Photon Cannon  
  76  5:40  Probe  
  78  5:43  Pylon  
  78  5:46  Zealot  
  78  5:48  Protoss Ground Weapons Level 1  
  80  6:03  Immortal  
  80  6:09  Nexus  
  80  6:17  Twilight Council  
  84  6:24  Stalker  
  84  6:25  Stalker  
  88  6:33  Probe  
  88  6:37  Charge  
  76  6:49  Probe  
  76  6:52  Stalker  
  76  6:53  Stalker x2  
  71  6:57  Gateway  
  71  6:58  Gateway  
  71  7:00  Gateway  
  63  7:18  Stalker x3  
  63  7:21  Immortal  
  69  7:23  Probe x3  
  69  7:28  Protoss Ground Armor Level 2  
  72  7:35  Protoss Ground Weapons Level 2, Probe x3  
  75  7:43  Sentry x2  
  75  7:44  Sentry  
  81  7:47  Probe x3  
  84  7:57  Zealot x2  
  84  7:58  Zealot  
  90  7:59  Probe x3  
  90  8:04  Assimilator  
  93  8:08  Assimilator  
  93  8:09  Observer  
  93  8:11  Probe  
  95  8:12  Zealot  
  95  8:14  Zealot x2  
  95  8:15  Blink  
  95  8:16  Probe x2  
  103  8:21  Pylon  
  103  8:23  Probe  
  104  8:32  Stalker  
  104  8:33  Stalker x2  
  110  8:37  Stalker  
  110  8:39  Stalker  
  114  8:52  Stalker  
  116  9:01  Stalker x2  
  116  9:02  Stalker  
  122  9:08  Stalker  
  122  9:10  Probe  
  122  9:14  Nexus  
  121  9:17  Stalker x2  
  125  9:32  Pylon  
  125  9:36  Pylon  
  125  9:39  Pylon  
  125  9:40  Pylon  
  125  9:42  Robotics Bay  
  125  9:43  Assimilator  
  125  9:44  Robotics Facility  
  125  9:47  Assimilator, Robotics Facility  
  125  9:48  Pylon  
  125  9:52  Gateway  
  125  9:54  Stalker  
  125  9:55  Gateway  
  127  10:11  Stalker x3  
  127  10:13  Stalker  
  135  10:21  Stalker x2  
  151  10:43  Probe x3  
  151  10:44  Probe  
  155  10:50  Zealot  
  155  10:51  Zealot x2  
  153  11:12  Zealot x2  
  153  11:14  Zealot x2  
  153  11:15  Zealot x2, Sentry  
  153  11:16  Sentry  
Show
View Real Time Build Order
Export as new Build Order

PureLegacy Terran - Winner!

Build Orders: Gas First Reaper Expand, Hellion Opening, Mech 

Get SALT Encoding   

  12  0:00  SCV  
  13  0:13  SCV  
  14  0:18  Supply Depot  
  14  0:25  SCV  
  15  0:30  Refinery  
  15  0:39  SCV  
  16  0:49  Barracks  
  16  0:51  SCV  
  17  1:03  SCV  
  18  1:16  SCV  
  19  1:38  Reaper, Orbital Command  
  20  1:48  Command Center  
  20  1:58  Factory  
  20  2:06  SCV  
  21  2:13  Barracks Reactor  
  21  2:17  Supply Depot  
  21  2:20  SCV  
  22  2:35  SCV  
  23  2:45  Factory  
  23  2:47  SCV  
  24  2:55  Hellion x2  
  28  2:59  SCV  
  28  3:02  Barracks Tech Lab  
  28  3:11  Orbital Command  
  24  3:16  Hellion x2  
  27  3:20  SCV  
  28  3:32  SCV  
  29  3:42  Hellion  
  29  3:43  Hellion  
  29  3:44  SCV  
  29  3:45  SCV  
  35  3:56  SCV  
  35  3:57  Hellion, SCV  
  39  4:03  Supply Depot  
  39  4:08  Hellion  
  43  4:12  SCV x2  
  43  4:16  Hellion  
  45  4:18  Infernal Pre-Igniter  
  45  4:24  SCV  
  45  4:29  SCV  
  46  4:33  Hellion  
  46  4:38  Factory Reactor  
  40  4:42  SCV x2  
  40  4:43  Supply Depot  
  40  4:54  SCV x2  
  40  4:59  Command Center  
  42  5:06  SCV x2  
  44  5:09  Hellion  
  46  5:16  Hellion x2  
  46  5:18  SCV x2  
  52  5:22  Factory  
  52  5:30  SCV  
  52  5:31  SCV  
  54  5:36  Refinery  
  54  5:37  Supply Depot  
  54  5:39  Refinery, Supply Depot  
  54  5:42  Refinery  
  54  5:58  SCV x2  
  54  5:59  Hellion x2  
  54  6:01  Siege Tank  
  54  6:03  Supply Depot  
  63  6:10  SCV  
  64  6:12  Factory Tech Lab  
  64  6:21  SCV, Orbital Command  
  64  6:23  SCV  
  64  6:25  Hellion x2  
  68  6:32  Supply Depot  
  68  6:33  SCV  
  68  6:38  Siege Tank x2  
  75  7:00  Hellion x2, SCV x2  
  75  7:01  SCV  
  78  7:07  Armory, Supply Depot  
  78  7:08  Armory  
  78  7:13  Hellion  
  78  7:14  Hellion  
  82  7:21  Hellion x2  
  86  7:24  SCV x2  
  86  7:35  Hellion x2  
  84  7:37  SCV x2  
  84  7:43  Hellion x2  
  86  7:49  SCV x2  
  86  7:50  Supply Depot, Factory  
  86  7:51  Factory, Orbital Command  
  88  7:58  Terran Vehicle Weapons Level 1, Terran Vehicle And Ship Armor Level 1  
  88  8:01  Engineering Bay, SCV x2  
  88  8:04  Supply Depot  
  88  8:05  Supply Depot  
  90  8:11  Siege Tank  
  93  8:13  Refinery x2, SCV  
  93  8:14  SCV  
  93  8:17  SCV  
  96  8:24  Supply Depot  
  96  8:26  SCV  
  97  8:32  Smart Servos  
  97  8:33  Siege Tank  
  98  8:34  Factory Reactor, Factory Tech Lab  
  98  8:36  SCV x2  
  100  8:43  Hellion x2  
  100  8:56  Siege Tank x2  
  86  9:11  Siege Tank  
  86  9:12  Hellion x3, SCV x2  
  99  9:17  Hellion  
  99  9:18  SCV  
  94  9:24  SCV x2  
  88  9:32  Siege Tank x2  
  88  9:34  SCV  
  88  9:36  SCV x2  
  91  9:43  Hellion x4  
  96  9:46  SCV  
  96  9:48  SCV  
  96  9:49  SCV  
  96  9:52  Siege Tank  
  102  9:58  SCV  
  103  10:00  SCV  
  103  10:02  SCV  
  105  10:10  SCV, Siege Tank  
  105  10:13  SCV  
  108  10:14  SCV  
  108  10:20  Hellion x4  
  115  10:22  SCV  
  115  10:25  SCV  
  115  10:26  SCV, Siege Tank  
  119  10:37  Siege Tank  
  110  10:43  SCV  
  110  10:44  SCV  
  110  10:47  Siege Tank  
  107  10:50  Supply Depot  
  107  10:55  SCV  
  107  10:56  SCV  
Tags
 
Add a new tag
Caveats
  • Supply blocks, unpowered buildings, or Contaminate may cause inaccurate times.
  • Supply counts are checked every 10 seconds.